 Dungeon Crawl Stone Soup version 0.24-a0-525-g9231cdc (webtiles) character file.

Game seed: 15762374481428316338

5122 pichaelthompson the Magician (level 10, -1/79 HPs)
             Began as a Gnoll Skald on July 31, 2019.
             Was a Follower of Ashenzari.
             Splashed by a brown ugly thing's acid (5 damage)
             ... on level 9 of the Dungeon.
             The game lasted 00:31:40 (12690 turns).

pichaelthompson the Magician (Gnoll Skald)         Turns: 12690, Time: 00:31:40

Health: -1/79      AC: -11   Str: 14    XL:     10   Next: 58%
Magic:  21/21      EV: 17    Int: 15    God:    Ashenzari [*.....]
Gold:   410        SH:  0    Dex: 18    Spells: 16/23 levels left

rFire    . . .     SeeInvis .   R - +0 trident
rCold    . . .     Gourm    .   (no shield)
rNeg     + . .     Faith    .   f - +0 leather armour (curse)
rPois    .         Spirit   .   (no helmet)
rElec    .         Reflect  .   u - +0 cloak (curse)
rCorr    .         Harm     .   E - +1 pair of gloves (curse)
MR       .....                  Q - +0 pair of boots
Stlth    ++........             P - amulet of regeneration
HPRegen  0.63/turn              b - ring of positive energy (curse)
MPRegen  0.17/turn              r - ring of attention (curse)

@: corroded
A: distributed training, fangs 1, strong nose
a: Curse Item, Scrying, Renounce Religion


You were on level 9 of the Dungeon.
You worshipped Ashenzari.
Ashenzari was aware of your devotion.
You were very hungry.

You visited 2 branches of the dungeon, and saw 10 of its levels.

You collected 410 gold pieces.

Inventory:

Hand Weapons
 R - a +0 trident (weapon)
Missiles
 e - 12 javelins (quivered)
 s - 4 boomerangs
 D - 7 curare-tipped darts
 K - 35 poisoned darts
Armour
 f - a cursed +0 leather armour (worn)
 i - a +0 ring mail
 u - a cursed +0 cloak (worn)
 E - a cursed +1 pair of gloves (worn)
 G - a +1 leather armour of fire resistance
 Q - a +0 pair of boots (worn)
Jewellery
 b - a cursed ring of positive energy (left hand)
 j - a +3 ring of strength
 n - an uncursed ring of magical power
 r - a cursed ring of attention (right hand)
 F - a +1 ring of protection
 P - an amulet of regeneration (around neck)
Wands
 l - a wand of acid (8)
 x - a wand of random effects (16)
 H - a wand of flame (34)
Scrolls
 a - a scroll of enchant armour {unknown}
 g - 4 scrolls of remove curse
 o - 4 scrolls of amnesia {unknown}
 q - a scroll of blinking {unknown}
 t - 4 scrolls of enchant weapon {unknown}
 v - 4 scrolls of magic mapping {unknown}
 w - 3 scrolls of teleportation
 y - a scroll of fog {unknown}
 C - 4 scrolls of random uselessness {unknown}
 J - a scroll of fear {unknown}
 N - 4 scrolls of identify
 O - a scroll of torment {unknown}
Potions
 c - 2 potions of mutation
 h - 2 potions of flight
 k - 3 potions of might
 m - a potion of resistance
 p - 2 potions of lignification
 z - 2 potions of haste
 A - a potion of berserk rage {unknown}
 B - a potion of agility {unknown}
 I - a potion of brilliance {unknown}
 L - a potion of invisibility {unknown}
 M - 2 potions of curing
 S - a potion of heal wounds {unknown}
Comestibles
 d - 18 rations


   Skills:
 + Level 7.1 Fighting
 + Level 5.3 Short Blades
 + Level 5.3 Long Blades
 + Level 5.3 Axes
 + Level 5.3 Maces & Flails
 + Level 7.1 Polearms
 + Level 5.3 Staves
 + Level 5.3 Slings
 + Level 5.3 Bows
 + Level 5.3 Crossbows
 + Level 5.3 Throwing
 + Level 6.0 Armour
 + Level 7.1 Dodging
 + Level 5.3 Stealth
 + Level 5.3 Shields
 + Level 5.3 Unarmed Combat
 + Level 7.4 Spellcasting
 + Level 4.4 Conjurations
 + Level 4.4 Hexes
 + Level 7.1 Charms
 + Level 4.4 Summonings
 + Level 4.4 Necromancy
 + Level 4.4 Translocations
 + Level 4.4 Transmutations
 + Level 4.4 Fire Magic
 + Level 4.4 Ice Magic
 + Level 4.4 Air Magic
 + Level 4.4 Earth Magic
 + Level 4.4 Poison Magic
 + Level 5.8 Invocations
 + Level 5.3 Evocations


You had 16 spell levels left.
You knew the following spells:

 Your Spells              Type           Power        Failure   Level  Hunger
a - Infusion              Chrm           ####         1%          1    None
b - Spectral Weapon       Hex/Chrm       ###.....     4%          3    ##.....
c - Regeneration          Chrm/Necr      ###.......   4%          3    ##.....

Your spell library contained the following spells:

 Spells                   Type           Power        Failure   Level  Hunger
 Song of Slaying          Chrm           ####....     1%          2    None
 Shroud of Golubria       Chrm/Tloc      ###...       2%          2    None


Dungeon Overview and Level Annotations

Branches:
Dungeon (9/15)             Temple (1/1) D:6
   Lair: D:8-11         Orc: D:9-12

Altars:
Ashenzari
Cheibriados
Dithmenos
Elyvilon
Fedhas
Gozag
Hepliaklqana
Kikubaaqudgha
Makhleb
Nemelex Xobeh
Okawaru
Qazlal
Ru
Sif Muna
Trog
Uskayaw
Vehumet
Wu Jian
Xom
Yredelemnul
Zin
The Shining One


Innate Abilities, Weirdness & Mutations

Your experience applies equally to all skills.
You have very sharp teeth.
Your uncanny sense of smell can sniff out nearby items.


Message History

You are splashed with acid!
* * * LOW HITPOINT WARNING * * *
Your skin is crawling a little less now.
Your skin stops crawling.
You feel your bond with your spectral weapon wane.
The brown ugly thing trunk-slaps you. The acid corrodes you!
You are splashed with acid!
* * * LOW HITPOINT WARNING * * *
The brown ugly thing trunk-slaps you.
You are splashed with acid!
* * * LOW HITPOINT WARNING * * *
You open the door. The brown ugly thing trunk-slaps you!
* * * LOW HITPOINT WARNING * * *
The acid corrodes you!
You are splashed with acid!
* * * LOW HITPOINT WARNING * * *
Found 4 gold pieces.
There is an open door here.
The brown ugly thing trunk-slaps you.
* * * LOW HITPOINT WARNING * * *
The acid corrodes you!
You are splashed with acid.
You die...

..##.# #####......# #....# #.
.....###..........## .#....#
#. .##...##...........#
.#....# #.
.##...##.........#.## .#....#
#. .##...##.........#..#
.#....# ##
..+...$.....^....##.##.#....#
.##..........#...##..#.#
.##..........#...###.#.#
..+.........$#..@# #...#
###..........#..u####..#
+............+...'.##..#
######.......#.$.#.##.># #
#.......#...#.###.# # #...#.#
#.# #...#.# #.#########
#...#.# #.....(...# #...#.#
#########.#


You could see a brown ugly thing.

Vanquished Creatures
  A cyclops (D:8)
  Prince Ribbit (D:5)
  A hippogriff (D:8)
  A wyvern (D:4)
  4 hogs (D:7)
  A human (D:7)
  Grum (D:8)
  Edmund (D:4)
  Menkaure (D:5)
  Duvessa (D:5)
  5 sky beasts
  An ice beast (D:8)
  A phantom (D:6)
  An eye of draining (D:5)
  3 ogres
  3 centaurs
  2 wolves
  2 bullfrogs (D:6)
  A wyvern zombie (D:8)
  Dowan (D:5)
  A jelly (D:9)
  5 wights (D:9)
  5 howler monkeys
  5 crimson imps
  A bullfrog zombie (D:5)
  4 hounds
  2 quasits
  4 orc wizards
  A bullfrog skeleton (D:9)
  An orc priest (D:6)
  4 worker ants
  A killer bee zombie (D:8)
  A mummy (D:7)
  A howler monkey zombie (D:5)
  A worker ant zombie (D:6)
  3 gnolls (D:3)
  A howler monkey skeleton (D:9)
  12 adders
  A shadow imp (D:9)
  An adder skeleton (D:6)
  A worm (D:3)
  2 dart slugs (D:2)
  5 leopard geckos
  19 orcs
  10 bats
  7 giant cockroaches
  4 goblins
  8 hobgoblins
  8 jackals
  5 kobolds
  A quokka (D:3)
  5 frilled lizards
  2 hobgoblin zombies (D:7)
  A jackal skeleton (D:4)
  A kobold zombie (D:7)
  An orc zombie (D:7)
  7 rats
175 creatures vanquished.

Vanquished Creatures (others)
  7 spectral weapons
7 creatures vanquished.

Grand Total: 182 creatures vanquished

Notes
Turn   | Place    | Note
-------+----------+-------------------------------------------
     0 | D:1      | pichaelthompson the Gnoll Skald began the quest for the
                  | Orb.
     0 | D:1      | Reached XP level 1. HP: 20/20 MP: 6/6
   223 | D:1      | You fall into a shaft and drop 1 floor!
   237 | D:2      | Reached XP level 2. HP: 22/26 MP: 7/7
   853 | D:1      | Reached XP level 3. HP: 29/31 MP: 9/9
   858 | D:1      | Learned a level 3 spell: Spectral Weapon
   862 | D:1      | Learned a level 3 spell: Regeneration
  1223 | D:2      | Noticed a sky beast
  1228 | D:2      | Reached skill level 5 in Spellcasting
  1243 | D:2      | Killed a sky beast
  1243 | D:2      | Reached skill level 1 in Short Blades
  1243 | D:2      | Reached skill level 1 in Long Blades
  1243 | D:2      | Reached skill level 1 in Axes
  1243 | D:2      | Reached skill level 1 in Maces & Flails
  1243 | D:2      | Reached skill level 1 in Staves
  1243 | D:2      | Reached skill level 1 in Slings
  1243 | D:2      | Reached skill level 1 in Bows
  1243 | D:2      | Reached skill level 1 in Crossbows
  1243 | D:2      | Reached skill level 1 in Throwing
  1243 | D:2      | Reached skill level 1 in Stealth
  1243 | D:2      | Reached skill level 1 in Shields
  1243 | D:2      | Reached skill level 1 in Unarmed Combat
  1243 | D:2      | Reached skill level 1 in Conjurations
  1243 | D:2      | Reached skill level 1 in Hexes
  1243 | D:2      | Reached skill level 1 in Summonings
  1243 | D:2      | Reached skill level 1 in Necromancy
  1243 | D:2      | Reached skill level 1 in Translocations
  1243 | D:2      | Reached skill level 1 in Transmutations
  1243 | D:2      | Reached skill level 1 in Fire Magic
  1243 | D:2      | Reached skill level 1 in Ice Magic
  1243 | D:2      | Reached skill level 1 in Air Magic
  1243 | D:2      | Reached skill level 1 in Earth Magic
  1243 | D:2      | Reached skill level 1 in Poison Magic
  1243 | D:2      | Reached skill level 1 in Invocations
  1243 | D:2      | Reached skill level 1 in Evocations
  1243 | D:2      | Reached XP level 4. HP: 29/38 MP: 7/11
  1243 | D:2      | Reached XP level 5. HP: 33/43 MP: 7/12
  1815 | D:2      | Found a faded altar of an unknown god.
  2350 | D:3      | HP: 2/43 [gnoll/+0 spear (8)]
  2737 | D:3      | Reached XP level 6. HP: 39/50 MP: 9/13
  3529 | D:4      | Reached skill level 5 in Fighting
  3529 | D:4      | Reached skill level 5 in Polearms
  3529 | D:4      | Reached skill level 5 in Dodging
  3617 | D:4      | Found a glowing silver altar of Zin.
  4231 | D:5      | Entered Level 5 of the Dungeon
  4233 | D:5      | Noticed Prince Ribbit
  4334 | D:5      | Reached XP level 7. HP: 13/56 MP: 15/15
  4586 | D:5      | Noticed Edmund
  4596 | D:5      | Noticed Duvessa
  4598 | D:5      | Noticed Dowan
  4657 | D:4      | Killed Edmund
  4781 | D:5      | Killed Duvessa
  4787 | D:5      | Killed Dowan
  5224 | D:5      | Killed Prince Ribbit
  5224 | D:5      | Reached XP level 8. HP: 49/63 MP: 14/16
  5290 | D:5      | Noticed Menkaure
  5299 | D:5      | Killed Menkaure
  5614 | D:5      | Noticed a wyvern
  5636 | D:4      | Killed a wyvern
  6258 | D:6      | Reached XP level 9. HP: 64/69 MP: 10/18
  6304 | D:6      | Found a staircase to the Ecumenical Temple.
  6313 | Temple   | Entered the Ecumenical Temple
  6338 | Temple   | Became a worshipper of Ashenzari the Shackled
  7697 | D:7      | Reached skill level 5 in Armour
  8053 | D:7      | Found an iron altar of Okawaru.
  8053 | D:7      | Found a hazy altar of Hepliaklqana.
  8526 | D:7      | Reached skill level 5 in Invocations
  8851 | D:8      | Noticed Grum
  8857 | D:8      | HP: 2/71 [wolf[Grum] (11)]
  8859 | D:8      | Found a sacrificial altar of Ru.
  8870 | D:8      | Found a shattered altar of Ashenzari.
  9147 | D:7      | Reached XP level 10. HP: 42/77 MP: 20/20
  9597 | D:8      | Noticed a cyclops
 10004 | D:8      | Killed a cyclops
 10463 | D:8      | Killed Grum
 10463 | D:8      | Reached skill level 5 in Short Blades
 10463 | D:8      | Reached skill level 5 in Long Blades
 10463 | D:8      | Reached skill level 5 in Axes
 10463 | D:8      | Reached skill level 5 in Maces & Flails
 10463 | D:8      | Reached skill level 5 in Staves
 10463 | D:8      | Reached skill level 5 in Slings
 10463 | D:8      | Reached skill level 5 in Bows
 10463 | D:8      | Reached skill level 5 in Crossbows
 10463 | D:8      | Reached skill level 5 in Throwing
 10463 | D:8      | Reached skill level 5 in Stealth
 10463 | D:8      | Reached skill level 5 in Shields
 10463 | D:8      | Reached skill level 5 in Unarmed Combat
 10463 | D:8      | Reached skill level 5 in Evocations
 12509 | D:9      | Reached * piety under Ashenzari
 12566 | D:9      | Noticed a brown ugly thing
 12690 | D:9      | Splashed by a brown ugly thing's acid

Levels and vault maps discovered:
D:1:      lemuel_arrival_tunnels, layout_basic
D:2:      layout_loops_ring, chequers_ecumenical_altar_simple_redux,
          chequers_serial_rivers_micro_d
D:3:      layout_basic
D:4:      layout_layer_cave, zin_statuary
D:5:      layout_cave_pods, first_ration, uniq_prince_ribbit1, uniq_duvessa,
          uniq_edmund, uniq_menkaure
D:6:      layout_rooms, minmay_temple_entry_hall
D:7:      layout_loops_ring, gammafunk_temple_overflow_wave, grunt_livestock,
          minmay_mini_ossuary
D:8:      layout_basic, nicolae_ru_great_annihilating_truth, basic_altar,
          uniq_grum
D:9:      layout_basic
Temple:   regret_index_temple_mists

Skill      XL: |  1  2  3  4  5  6  7  8  9 10 |
---------------+-------------------------------+-----
Spellcasting   | 5 6 7 |  7.4
Short Blades   | 1 2 3 4 5 |  5.3
Long Blades    | 1 2 3 4 5 |  5.3
Axes           | 1 2 3 4 5 |  5.3
Maces & Flails | 1 2 3 4 5 |  5.3
Staves         | 1 2 3 4 5 |  5.3
Slings         | 1 2 3 4 5 |  5.3
Bows           | 1 2 3 4 5 |  5.3
Crossbows      | 1 2 3 4 5 |  5.3
Throwing       | 1 2 3 4 5 |  5.3
Stealth        | 1 2 3 4 5 |  5.3
Shields        | 1 2 3 4 5 |  5.3
Unarmed Combat | 1 2 3 4 5 |  5.3
Conjurations   | 1 2 3 4 |  4.4
Hexes          | 1 2 3 4 |  4.4
Summonings     | 1 2 3 4 |  4.4
Necromancy     | 1 2 3 4 |  4.4
Translocations | 1 2 3 4 |  4.4
Transmutations | 1 2 3 4 |  4.4
Fire Magic     | 1 2 3 4 |  4.4
Ice Magic      | 1 2 3 4 |  4.4
Air Magic      | 1 2 3 4 |  4.4
Earth Magic    | 1 2 3 4 |  4.4
Poison Magic   | 1 2 3 4 |  4.4
Invocations    | 1 2 3 4 5 |  5.8
Evocations     | 1 2 3 4 5 |  5.3
Armour         | 3 4 5 6 |  6.0
Fighting       | 5 6 7 |  7.1
Polearms       | 5 6 7 |  7.1
Dodging        | 5 6 7 |  7.1
Charms         | 6 7 |  7.1

Action                   |  1- 3 |  4- 6 |  7- 9 | 10-12 || total
-------------------------+-------+-------+-------+-------++-------
Melee: Spear             |    76 |   256 |   512 |   234 ||  1078
       Bite              |     5 |    33 |    67 |    39 ||   144
       Punch             |       |     4 |    10 |     6 ||    20
       Trident           |       |       |       |    81 ||    81
Throw: Javelin           |       |    19 |    35 |     8 ||    62
 Cast: Spectral Weapon   |     1 |     9 |    27 |    10 ||    47
       Regeneration      |       |     3 |    13 |     3 ||    19
Invok: Curse Item        |       |       |     2 |       ||     2
  Use: Scroll            |       |       |    11 |       ||    11
       Potion            |       |       |     1 |       ||     1
 Stab: Sleeping          |       |     1 |     1 |     5 ||     7
       Distracted        |       |     1 |     6 |       ||     7
       Paralysed         |       |       |       |     2 ||     2
  Eat: Chunk             |       |    10 |    13 |     5 ||    28
       Ration            |       |       |     3 |     1 ||     4
Armor: Leather armour    |     4 |    31 |   108 |    57 ||   200
       Ring mail         |    16 |     8 |       |       ||    24
Dodge: Dodged            |    47 |   159 |   343 |   220 ||   769

Table legend:
 A = Non-vault XP
 B = Vault XP
 C = Vault XP percentage of total XP
 D = Non-vault monster count
 E = Vault monster count
 F = Vault count percentage of total count
                 A         B        C        D         E       F
            +---------+---------+-------+---------+---------+-------
      Total |    5026 |    2292 |  31.3 |     153 |      22 |  12.6
            +---------+---------+-------+---------+---------+-------
        D:1 |      17 |       0 |   0.0 |      11 |       0 |   0.0
        D:2 |     196 |       0 |   0.0 |      21 |       0 |   0.0
        D:3 |     125 |       0 |   0.0 |      29 |       0 |   0.0
        D:4 |     522 |     164 |  23.9 |      11 |       1 |   8.3
        D:5 |     297 |     649 |  68.6 |       9 |       4 |  30.8
        D:6 |    1107 |       0 |   0.0 |      26 |       0 |   0.0
        D:7 |     545 |    1120 |  67.3 |      15 |      11 |  42.3
        D:8 |    1496 |     359 |  19.4 |      17 |       6 |  26.1
        D:9 |     721 |       0 |   0.0 |      14 |       0 |   0.0
            +---------+---------+-------+---------+---------+-------
